[Event "*** Titled Tuesday Blitz"]
[Site "Chess.com"]
[Date "2021.03.09"]
[Round "10"]
[White "Witik"]
[Black "Orest_Vovk"]
[Result "1-0"]
[WhiteElo "2607"]
[BlackElo "2432"]
[TimeControl "180+1"]
[EndTime "12:00:27 PST"]
[Termination "Witik won by checkmate"]

1. e4 g5 2. d4 g4 3. Bc4 d6 4. Nc3 Bg7 5. Nge2 c6 6. a3 b5 7.
Ba2 Nd7 8. Ng3 h5 9. Nf5 Bf6 10.
Bf4 Nf8 11. Qe2 Ng6 12. Be3 Qa5 13. O-O Qc7 14. f4 e6 15. Nxd6+ Qxd6 16. e5 Qe7 17. Ne4 Kf8 18. d5 exd5 19. Bc5 dxe4 20. Qe3 Bg7 21.
f5 Nxe5 22. f6 Bxf6 23. Rxf6 Kg7 24. Bxe7 Nxe7 25. Qg5+ N7g6 26. Raf1 Be6 27. Bxe6 fxe6 28. Rxe6 Rae8 29. Ref6 Rhf8 30. Rxf8 Rxf8 31. Rxf8 Kxf8 32. Qf5+ Kg7 33. Qxe4 Kf6 34. Qd4 a5 35. Qb6 a4 36.
b3 axb3 37. cxb3 Nf4 38. a4 Nd5 39. Qd8+ Ke6 40. a5 Nb4 41. Qc8+ Kd5 42. a6 Nxa6 43. Qxa6 Nd3 44. Qc8 Nc5 45. Qg8+ Kd4 46. b4 Nd3 47. Qh8+ Kc4 48. Qxh5 Nxb4 49. Qxg4+ Kb3 50. h4 c5 51. h5 c4 52. h6 c3 53. Qe6+ Kb2 54. h7 c2 55.
h8=Q+ Kb1 56. Qh7 Na2 57. Qb3+ Ka1 58. Qhxc2 b4 59. Qcb2# 1-0

[Event "*** Titled Tuesday Blitz"]
[Site "Chess.com"]
[Date "2021.03.09"]
[Round "10"]
[White "SlavenPastar"]
[Black "Sjakkerntobi"]
[Result "0-1"]
[WhiteElo "2519"]
[BlackElo "2391"]
[TimeControl "180+1"]
[EndTime "12:00:28 PST"]
[Termination "Sjakkerntobi won by resignation"]

1. b3 e5 2. Bb2 Nc6 3. Nf3 e4 4. Nd4 Nxd4 5. Bxd4 d5 6. e3 Nf6 7. Bxf6 Qxf6 8. Nc3 c6 9. Be2 Bd6 10. O-O Qe5 11.
g3 h5 12. d4 exd3 13. Qxd3 Bf5 14. Qd4 Qxd4 15. exd4 Bxc2 16. Rfe1 Kf8 17. Rac1 Bg6 18. h4 Bb4 19. Bf3 Re8 20. Re3 Rxe3 21. fxe3 Ke7 22. Kf2 Kd6 23. Ne2 Re8 24. Rd1 Bc2 25. Rc1 Bh7 26.
Rd1 Bc2 27. Rc1 Bf5 28. Rd1 g6 29. Nf4 Re7 30. Be2 a5 31. Bd3 Bg4 32. Be2 Bxe2 33. Kxe2 Kd7 34. Kf3 Bd6 35. Nd3 b6 36. Rc1 Re6 37. Rc2 Rf6+ 38. Kg2 Re6 39. Kf3 f6 40. Rc1 g5 41. hxg5 fxg5 42. Rh1 Rf6+ 43. Kg2 Rh6 44.
Nf2 h4 45. Ng4 Rh8 46. gxh4 gxh4 47. Kh3 c5 48. Rf1 Ke6 49. Rf6+ Ke7 50. Rf5 Ke6 51. Rf6+ Kd7 52. Rf5 Re8 53. Rxd5 Kc6 54. Rh5 cxd4 55. exd4 Re2 56. Ne5+ Bxe5 57. Rxe5 Rxe5 58. dxe5 Kd5 59. Kxh4 Kxe5 60. Kg3 Kd4 61. Kf4 Kc3 62. Ke5 Kb2 63. Kd5 Kxa2 64. Kc4 Ka3 65. Kc3 b5 66. Kc2 a4 67. bxa4 Kxa4 68. Kb2 Kb4 69. Ka2 Kc3 70. Kb1 Kb3 71. Ka1 b4 72. Kb1 Ka3 73. Ka1 b3 74. Kb1 b2 75. Kc2 Ka2 76. Kc3 b1=Q 77. Kd4 Qc2 78. Ke3 Qd1 79. Kf4 0-1

[Event "*** Titled Tuesday Blitz"]
[Site "Chess.com"]
[Date "2021.03.09"]
[Round "10"]
[White "Chamal_Gedgafov"]
[Black "dodorox"]
[Result "0-1"]
[WhiteElo "2212"]
[BlackElo "2123"]
[TimeControl "180+1"]
[EndTime "12:00:28 PST"]
[Termination "dodorox won on time"]

1. d4 Nf6 2. c4 e6 3. Nc3 d5 4. cxd5 exd5 5. Bg5 Be7 6. e3 h6 7. Bf4 c6 8. Bd3 Nbd7 9. Qc2 Nh5 10.
Nxd5 Qa5+ 11. Nc3 Nxf4 12. exf4 Nf6 13. Nf3 O-O 14. O-O Rd8 15. Rad1 Bg4 16. Be2 Bf5 17. Bd3 Bg4 18. Be4 Bd6 19. g3 Qh5 20. Ne5 Bxd1 21. Rxd1 Bxe5 22. fxe5 Ng4 23. h4 c5 24. Bxb7 Rab8 25. Bf3 cxd4 26. Ne4 Ne3 27. Qe2 d3 28. Qxe3 Qxe5 29. Rxd3 Rxd3 30. Qxd3 Rxb2 31. a3 Rb8 32. Kg2 Rc8 33. Nd6 Rd8 34. Nc4 Rxd3 35. Nxe5 Rxa3 36. g4 Ra1 37. h5 Kf8 38. Kg3 Ke7 39. Kf4 Kd6 40.
Nxf7+ Kc5 41. Be4 a5 42. Nd8 Kd6 43. Nb7+ Ke7 44. f3 Kf6 45. Nc5 a4 46. Nd7+ Ke7 47.
Ne5 a3 48. Bd5 a2 49. Bxa2 Rxa2 50. Kf5 Ra4 51. f4 Kf8 52. g5 Ra6 53. Nd7+ Ke7 54.
Ne5 hxg5 55. fxg5 Kf8 0-1

[Event "*** Titled Tuesday Blitz"]
[Site "Chess.com"]
[Date "2021.03.09"]
[Round "10"]
[White "kuli4ik"]
[Black "howitzer14"]
[Result "0-1"]
[WhiteElo "2906"]
[BlackElo "3046"]
[TimeControl "180+1"]
[EndTime "12:00:32 PST"]
[Termination "howitzer14 won by checkmate"]

1. Nf3 c5 2. g3 Nc6 3. d4 cxd4 4. Nxd4 g6 5. Bg2 Bg7 6. Nxc6 bxc6 7. O-O Rb8 8. Nd2 Nf6 9. c4 O-O 10. Qc2 a5 11. b3 a4 12. Bb2 axb3 13. axb3 c5 14. e4 d6 15. e5 Bf5 16. Qc1 Nd7 17. exd6 exd6 18. Ra6 Rb6 19. Rxb6 Qxb6 20. Bxg7 Kxg7 21. Qc3+ Kg8 22. h3 h5 23. Re1 Qd8 24. b4 cxb4 25. Qxb4 Nc5 26. Qc3 Re8 27. Re3 Rxe3 28. Qxe3 Qf6 29.
Nb3 Nxb3 30. Qxb3 Qa1+ 31. Kh2 Qd4 32. Kg1 Qa1+ 33. Kh2 Qd4 34. Kg1 Kg7 35. h4 Qa1+ 36. Kh2 Qd4 37. Kg1 Be6 38. Bf1 Qa1 39. Qd3 Bh3 40. f4 Qe1 41. Qd4+ Kg8 42. Qf2 Qc1 43. Qe2 Qa1 44. Qd3 Qe1 45. Qf3 Bxf1 46. Qxf1 Qxg3+ 47. Qg2 Qe1+ 48. Qf1 Qxh4 49. Qc1 Qg3+ 50. Kf1 Qf3+ 51. Kg1 h4 52. Qd2 h3 53. Kh2 Kh7 54. Kg1 Kh8 55.
Kh2 Kg8 56. Kg1 Qg3+ 57. Kh1 Kh7 58. Qb2 Qf3+ 59. Kg1 Qxf4 60. Kh1 Qxc4 61. Kh2 Qg4 62. Qf6 Qg2# 0-1

[Event "*** Titled Tuesday Blitz"]
[Site "Chess.com"]
[Date "2021.03.09"]
[Round "10"]
[White "SHIVACalypso"]
[Black "bylavochka"]
[Result "0-1"]
[WhiteElo "2349"]
[BlackElo "2237"]
[TimeControl "180+1"]
[EndTime "12:00:33 PST"]
[Termination "bylavochka won by resignation"]

1. Nf3 Nf6 2. c4 g6 3. g3 Bg7 4. Bg2 O-O 5. O-O c5 6. Nc3 Nc6 7. d3 d6 8. Rb1 Nd7 9. a3 Nd4 10. e3 Nxf3+ 11. Bxf3 Rb8 12. Qc2 b6 13. b4 Bb7 14.
Bxb7 Rxb7 15. Bb2 Rb8 16. Nd5 Ne5 17. h3 Qd7 18. Kg2 Rbc8 19. b5 h5 20. f4 e6 21.
fxe5 exd5 22. cxd5 dxe5 23. e4 c4 24. dxc4 Qxb5 25.
cxb5 Rxc2+ 26. Rf2 Rfc8 27. Rf1 R8c4 28. Rxc2 Rxc2+ 29. Rf2 Rc7 30. Rd2 Kf8 31. a4 Ke8 32. d6 Rd7 33. Rd5 f6 34. Kf3 Bf8 35. Ba3 Kf7 36. Rd3 Ke6 37. Rc3 Bxd6 38. Rc6 Ke7 39. Bc1 Bc5 40.
Ke2 Rd6 41. Rc8 Rd4 42. Rg8 Rxe4+ 43. Kf3 Rxa4 44. Rxg6 Ke6 45. Rh6 Ra1 46. Be3 Ra3 47. Kf2 Rxe3 48. Kg2 Re2+ 49. Kf1 Rh2 50. h4 Rb2 51.
Rxh5 Rxb5 52. Rh7 a5 53. h5 a4 54. h6 Rb1+ 55. Kg2 Rg1+ 56. Kh2 Rd1 57. Ra7 Rd8 58. Rxa4 Kf5 59. Ra7 Kg6 60. h7 Rh8 61. Rd7 Rxh7+ 62. Rxh7 Kxh7 63. Kg2 Kg6 64. Kf3 Kg5 65. Ke4 Kg4 0-1

[Event "*** Titled Tuesday Blitz"]
[Site "Chess.com"]
[Date "2021.03.09"]
[Round "10"]
[White "Gabrielian_Artur"]
[Black "Iskusnyh"]
[Result "1/2-1/2"]
[WhiteElo "2797"]
[BlackElo "2615"]
[TimeControl "180+1"]
[EndTime "12:00:34 PST"]
[Termination "Game drawn by repetition"]

1. c4 c5 2. g3 g6 3. Bg2 Bg7 4. Nc3 Nc6 5. e4 d6 6. Nge2 e6 7. O-O Nge7 8. d3 O-O 9. Be3 Nd4 10. Qd2 Nec6 11. Bh6 Bxh6 12. Qxh6 Qf6 13. Nxd4 Nxd4 14.
f4 Qg7 15. Qh4 Bd7 16. g4 Bc6 17. Rf2 Rab8 18. a4 Kh8 19. Re1 f6 20. Qg3 e5 21.
Ref1 Ne6 22. Ne2 g5 23. fxe5 fxe5 24. Rxf8+ Rxf8 25. Rf5 Nf4 26. Nxf4 exf4 27. Qf2 Re8 28. h4 h6 29. a5 Bd7 30. Rd5 Qf6 31. d4 Bc6 32. hxg5 hxg5 33. Rf5 Qxd4 34. Qxd4+ cxd4 35. Rxg5 d3 36. Kf2 Bxe4 37. Bxe4 Rxe4 38. Rd5 Rxc4 39.
Rxd3 Rb4 40. Rxd6 Rxb2+ 41. Kf3 Rb4 42. Rd7 Kg8 43. g5 a6 44. Kg4 f3+ 45. Kxf3 Kf8 46. Rc7 Kg8 47. Kg3 Kf8 48. Rd7 Kg8 49. Rd6 Kg7 50.
Kf3 Kf7 51. Rf6+ Kg7 52. Rd6 Rb5 53. Kg4 Rxa5 54. Kh5 Rf5 55. Rb6 Rf7 56. Kg4 Rc7 57. Kh5 Kf7 58. Kh6 Kg8 59. g6 a5 60. Rd6 Rc8 61.
Rd7 Ra8 62. Rg7+ Kh8 63. Rh7+ Kg8 64. Rg7+ Kh8 65. Rh7+ Kg8 66. Rg7+ 1/2-1/2

[Event "*** Titled Tuesday Blitz"]
[Site "Chess.com"]
[Date "2021.03.09"]
[Round "10"]
[White "Pelopidass"]
[Black "korkmaz16"]
[Result "1/2-1/2"]
[WhiteElo "2555"]
[BlackElo "2447"]
[TimeControl "180+1"]
[EndTime "12:00:34 PST"]
[Termination "Game drawn - insufficient material"]

1. d4 Nf6 2. Nf3 g6 3. g3 Bg7 4. Bg2 O-O 5. O-O d6 6. c4 Nc6 7.
Nc3 a6 8. d5 Na5 9. b3 c5 10.
dxc6 Nxc6 11. Bg5 h6 12. Bd2 Bf5 13. Rc1 Kh7 14. Nd5 Ne4 15. Be3 e6 16. Bb6 Qd7 17.
Ne3 Nf6 18. Nxf5 gxf5 19. Nd4 Ne5 20. Qd2 d5 21. Rfd1 Rac8 22. cxd5 Nxd5 23. Rxc8 Rxc8 24. Ba5 Ng4 25. Nxf5 exf5 26. Qxd5 Qxd5 27. Bxd5 Rc2 28. Bf3 Rxa2 29. Rd5 Kg6 30. Kg2 Ne5 31. Bc7 Nxf3 32.
Kxf3 Rb2 33. Rd3 b5 34. h4 b4 35. e3 Bc3 36. g4 fxg4+ 37. Kxg4 Rxf2 38. h5+ Kh7 39. Bf4 Rb2 40. Rd7 Kg7 41. Rd6 Rxb3 42. Bxh6+ Kh7 43. Rxa6 Bg7 44. Bxg7 Kxg7 45. Rb6 Rb1 46. e4 b3 47. h6+ Kg8 48. Kf5 b2 49.
Ke5 Kh7 50. Rb7 Kxh6 51. Rb6+ Kg5 52. Rb5 Kg4 53. Rb7 f6+ 54. Ke6 Kf4 55. Rb4 Re1 56.
Kxf6 Rd1 57. Rxb2 Re1 58. Rb4 Rxe4 59. Rxe4+ Kxe4 1/2-1/2

[Event "*** Titled Tuesday Blitz"]
[Site "Chess.com"]
[Date "2021.03.09"]
[Round "10"]
[White "kuhlmann"]
[Black "AlexSuv"]
[Result "0-1"]
[WhiteElo "2395"]
[BlackElo "2516"]
[TimeControl "180+1"]
[EndTime "12:00:34 PST"]
[Termination "AlexSuv won by checkmate"]

1. a4 d5 2. g3 h5 3. h4 Nf6 4. Bg2 g6 5. d3 Bg7 6. Nd2 O-O 7. e4 c5 8. Ngf3 d4 9. Nc4 Nc6 10. Ng5 Ng4 11. f3 Ne3 12. Nxe3 dxe3 13. c3 Ne5 14. Bf1 f6 15. Nh3 f5 16. d4 cxd4 17. cxd4 Qxd4 18.
Qb3+ Kh8 19. Bxe3 Nxf3+ 20. Kf2 fxe4 21. Nf4 Qf6 22. Kg2 e5 23. Nd5 Qf7 24. Bc4 Be6 25. Nb6 Bxc4 26. Nxc4 Rac8 27. Rac1 Nd4 28. Qd1 Rxc4 29. Rxc4 Qxc4 30. Re1 Nc2 31. Re2 Nxe3+ 32.
Rxe3 Qd4 33. Qe2 Rd8 34. Rxe4 Qd2 35. Kh3 Qxe2 36. Rxe2 e4 37. Rxe4 Bxb2 38. Rb4 Bc3 39. Rxb7 a5 40. g4 Rd3+ 41. Kg2 hxg4 42. Rb5 Kh7 43. Rg5 Rd4 44. h5 gxh5 45. Rxh5+ Kg6 46. Rc5 Bb4 47. Rb5 Be1 48. Re5 Bd2 49. Rb5 Rxa4 50. Kg3 Bg5 51. Rb6+ Kh5 52. Rb5 Ra3+ 53. Kg2 a4 54.
Rb8 Bf4 55. Rh8+ Kg5 56. Rg8+ Kf5 57. Rf8+ Ke4 58. Re8+ Be5 59. Re7 Ra2+ 60. Kf1 a3 61. Rg7 g3 62. Rg4+ Kf3 63. Rxg3+ Bxg3 64. Kg1 Ra1# 0-1

[Event "*** Titled Tuesday Blitz"]
[Site "Chess.com"]
[Date "2021.03.09"]
[Round "10"]
[White "SergeyShtyka"]
[Black "urutodo"]
[Result "0-1"]
[WhiteElo "2418"]
[BlackElo "2327"]
[TimeControl "180+1"]
[EndTime "12:00:35 PST"]
[Termination "urutodo won on time"]

1. e4 c6 2. Nf3 d5 3. Nc3 dxe4 4. Nxe4 Nf6 5. Nxf6+ exf6 6. g3 Bd6 7. Bg2 O-O 8.
O-O Re8 9. d4 Bg4 10. Re1 Nd7 11. Rxe8+ Qxe8 12. Be3 Nb6 13. b3 Qd7 14. c4 Bc7 15. Qd3 Bf5 16. Qc3 Be4 17. Re1 f5 18.
a4 Rd8 19. a5 Nc8 20. b4 f6 21.
a6 b6 22. b5 cxb5 23. cxb5 Ne7 24. Nd2 Bxg2 25. Kxg2 Nd5 26. Qc4 Kh8 27. Nf1 f4 28.
Bd2 Qf5 29. f3 h5 30. Qe2 Kh7 31. Qe4 Kg6 32. h3 fxg3 33. Nxg3 Bxg3 34. Kxg3 Rd7 35. Kf2 Ne7 36. Qe3 Qxh3 37. Rg1+ Kh7 38. Rg3 Qf5 39. Rg1 Nd5 40. Qe4 Ne7 41. Rc1 Kg8 42. Be3 Kf7 43. Rc4 g5 44. Rc1 h4 45. Rd1 Kg6 46. d5 Qxe4 47. fxe4 f5 48. d6 Kf7 49. e5 Ng6 50. Bd4 Ke6 51. Rc1 Nxe5 52. Re1 Rxd6 53. Bxe5 Rd7 54. Bc3+ Kf7 55. Rg1 Kg6 56. Ke3 Re7+ 57.
Kd3 g4 58. Bd4 Rd7 0-1

[Event "*** Titled Tuesday Blitz"]
[Site "Chess.com"]
[Date "2021.03.09"]
[Round "10"]
[White "Fy_Rakotomaharo"]
[Black "StockholmMissile"]
[Result "1-0"]
[WhiteElo "2722"]
[BlackElo "2582"]
[TimeControl "180+1"]
[EndTime "12:00:36 PST"]
[Termination "Fy_Rakotomaharo won on time"]

1. d4 d5 2. Nf3 Nf6 3. g3 Bf5 4. Bg2 e6 5. O-O Be7 6. c4 c6 7. Nc3 Nbd7 8. Nh4 Bg6 9. b3 O-O 10. h3 Qa5 11. Bd2 Qa6 12. Nxg6 hxg6 13. e4 dxc4 14. h4 cxb3 15. axb3 Qb6 16. Be3 Qc7 17. Qf3 e5 18. Rfc1 Qb8 19. d5 cxd5 20. exd5 Bd6 21.
Nb5 a6 22. Nc3 Rc8 23. g4 Nc5 24. g5 Nh5 25. Ne4 Nxe4 26. Qxe4 Rxc1+ 27. Rxc1 Qd8 28. Kh2 Nf4 29. Bf3 Qd7 30. Bxf4 exf4 31. Kg2 Re8 32. Qd3 Qf5 33. Qxf5 gxf5 34. h5 Kh7 35. Rh1 Rc8 36. Re1 Kg8 37. g6 fxg6 38. hxg6 Kf8 39. Re6 Rd8 40.
Kf1 Rd7 41. Be2 Be7 42. Re5 Bf6 43. Rxf5 Ke7 44. Bf3 Kd6 45. Rxf4 Rc7 46. Kg2 Rc3 47. Bg4 Rxb3 48. Rxf6+ Kxd5 49. Rf7 Rb4 50. f3 Rb2+ 51. Kg3 Rb6 52. Rxg7 a5 53. Rg8 Ke5 54. g7 Kf6 55. Ra8 Kxg7 56. Rxa5 Rb4 57. Bd7 b6 58. Rb5 Rxb5 59. Bxb5 Kf6 60. Kf4 Ke6 61. Ke4 Kd6 62. Kd4 Ke6 63. Bc6 Kf5 64. Be4+ Kf4 65. Kc4 Ke5 66. Kb5 1-0

[Event "*** Titled Tuesday Blitz"]
[Site "Chess.com"]
[Date "2021.03.09"]
[Round "10"]
[White "Arvids_Andrejevs"]
[Black "Gulkov_Igor"]
[Result "1-0"]
[WhiteElo "2445"]
[BlackElo "2530"]
[TimeControl "180+1"]
[EndTime "12:00:37 PST"]
[Termination "Arvids_Andrejevs won on time"]

1. e4 c5 2. c3 Nf6 3. e5 Nd5 4. Nf3 d6 5. exd6 Qxd6 6. d4 Nc6 7. a3 cxd4 8. cxd4 Bg4 9. Be2 e6 10. h3 Bxf3 11. Bxf3 Be7 12. O-O O-O 13. Nc3 Nxc3 14. bxc3 Rac8 15. Qa4 b6 16. g3 Na5 17. Bf4 Qd8 18. Qc2 Bd6 19. Bxd6 Qxd6 20. Qd3 Rc7 21. a4 Rfc8 22. Rac1 Qa3 23. Rfe1 Rxc3 24. Rxc3 Qxc3 25. Qe4 g6 26. Kg2 Qc7 27. d5 exd5 28. Qxd5 Rd8 29. Qg5 Kg7 30. Re7 Qd6 31. Rxa7 Rd7 32. Rxd7 Qxd7 33.
Qe5+ f6 34. Qe4 Qc7 35. h4 h5 36. Qb4 Nc4 37. Qb5 Nd6 38. Qd5 Nf5 39. Qe4 Nd6 40.
Qf4 Qe7 41. g4 hxg4 42. Qxg4 f5 43. Qd4+ Qf6 44. Qxb6 Qe5 45. Qa7+ Kh6 46. Qe3+ Qxe3 47. fxe3 Nc4 48. Kf2 g5 49. hxg5+ Kxg5 50. Bd5 Nb6 51. Bb3 Kf6 52. a5 Nc8 53. a6 Na7 54. Kf3 Ke5 55.
Ba4 Nc8 56. Bc6 Kd6 57. Bb7 Na7 58. Kf4 Ke6 59. Bg2 Kf6 60. Bh3 Nc6 61. Bxf5 Nb4 62. a7 1-0

[Event "*** Titled Tuesday Blitz"]
[Site "Chess.com"]
[Date "2021.03.09"]
[Round "10"]
[White "ChampStan"]
[Black "beautroll"]
[Result "1-0"]
[WhiteElo "2069"]
[BlackElo "2430"]
[TimeControl "180+1"]
[EndTime "12:00:37 PST"]
[Termination "ChampStan won by resignation"]

1. d4 Nf6 2. c4 g6 3. Nf3 Bg7 4. g3 O-O 5. Bg2 Nc6 6. O-O d5 7. cxd5 Nxd5 8. Nc3 Nb6 9. d5 Na5 10. Qc2 Nac4 11. Rd1 Bg4 12. h3 Bxf3 13. Bxf3 Qd7 14. Bg2 Rfd8 15. b3 Nd6 16. Bb2 e6 17. e3 exd5 18.
Nxd5 Nxd5 19. Rxd5 Qe6 20. Rad1 Bxb2 21. Qxb2 a5 22.
h4 h5 23. Qc3 Qe7 24. Rxa5 Ne4 25. Rxa8 Nxc3 26. Raxd8+ Kg7 27. R1d7 Qa3 28. Rxc7 Qxa2 29.
Rdd7 Qb1+ 30. Kh2 Qxb3 31. Rxb7 Qe6 32. Rxf7+ Qxf7 33. Rxf7+ Kxf7 34. Bc6 Kf6 35. f4 Kf5 36.
Kg2 Ke6 37. Kf3 Nd1 38. Ke2 Nc3+ 39. Kd3 Nd1 40. Kd2 Nf2 41. Ke2 Ng4 42. Be8 Kf6 43. Bd7 Nh6 44. e4 Ke7 45. Ba4 Nf7 46. e5 Nd8 47.
Bb3 Nc6 48. Ke3 Nb4 49. Kd4 Nc6+ 50. Kc5 Nd8 51. Bd5 Kd7 52. Kb6 Ke7 53. Kc7 Ke8 54. Kd6 Kf8 55. Kd7 Nf7 56. e6 1-0

[Event "*** Titled Tuesday Blitz"]
[Site "Chess.com"]
[Date "2021.03.09"]
[Round "10"]
[White "NiranjanNavalgund"]
[Black "davidkalashian"]
[Result "1-0"]
[WhiteElo "2468"]
[BlackElo "2569"]
[TimeControl "180+1"]
[EndTime "12:00:38 PST"]
[Termination "NiranjanNavalgund won on time"]

1. e3 Nf6 2. d4 e6 3. Nf3 b6 4. Bd3 Bb7 5. O-O Be7 6. c4 O-O 7. Nc3 d5 8. cxd5 exd5 9. b3 a6 10. Bb2 Nbd7 11. Rc1 Bd6 12. Ne2 Re8 13. Ng3 Ne4 14. Nd2 Ndf6 15. Nf5 Bf8 16. f3 Nxd2 17. Qxd2 g6 18. Ng3 Bh6 19. f4 Ng4 20. Rce1 Qh4 21. h3 Qxg3 22. hxg4 Qxg4 23. Rf3 Bg7 24. f5 Bh6 25. Qf2 Kh8 26. Rh3 Bg7 27. f6 Bf8 28. Rg3 Qh4 29. Rh3 Qxf2+ 30. Kxf2 Re6 31. Rf3 Rae8 32. g4 Bh6 33. Bc1 Bg5 34. Bd2 Bh4+ 35.
Ke2 Rxf6 36. Rxf6 Bxf6 37. Rf1 Kg7 38. Kf3 c5 39. dxc5 d4+ 40. e4 bxc5 41. Rc1 Be7 42. b4 cxb4 43. Rc7 Ba8 44. Bf4 Bf8 45. Bc4 Bxe4+ 46. Kf2 Re7 47. Rc8 Rd7 48. g5 Bd6 49. Bd2 Be7 50. Bxa6 f5 51. Bb5 Rd6 52. Bxb4 Re6 53.
Bd2 d3 54. Bc4 1-0

[Event "*** Titled Tuesday Blitz"]
[Site "Chess.com"]
[Date "2021.03.09"]
[Round "10"]
[White "MaevskiyNikolay"]
[Black "ChrisTool2"]
[Result "1-0"]
[WhiteElo "2507"]
[BlackElo "2344"]
[TimeControl "180+1"]
[EndTime "12:00:39 PST"]
[Termination "MaevskiyNikolay won by checkmate"]

1. d4 Nf6 2. c4 c5 3. d5 b5 4. e4 d6 5. Nd2 g6 6. Ngf3 Bg7 7. Bd3 O-O 8. h3 Nbd7 9. O-O bxc4 10. Nxc4 Nb6 11.
Na5 Nbxd5 12. Nc6 Qc7 13. exd5 Nxd5 14. Be4 e6 15. Qa4 Bd7 16. Bxd5 exd5 17. Ne7+ Kh8 18.
Nxd5 Qb7 19. Qd1 Bc6 20. Ne3 d5 21. Re1 Rad8 22. Ng4 f6 23. Bh6 Bxh6 24. Nxh6 Qxb2 25. Re7 Rde8 26. Rxa7 d4 27. Rb1 Bxf3 28. gxf3 Qc3 29. Rc1 Qb4 30. Nf7+ Kg8 31. Nd6 Re6 32. Ne4 Rc8 33.
Qb3 Qxb3 34. axb3 Rec6 35. Rc4 f5 36. Nd2 Re8 37. f4 Re2 38. Nf3 Re4 39. Ne5 Rc8 40. Nd3 Re2 41. Ra5 Rd2 42. Raxc5 Ra8 43. Rc8+ Rxc8 44.
Rxc8+ Kf7 45. Ne5+ Ke6 46. Nf3 Rb2 47. Kg2 d3 48.
Rd8 Rxb3 49. Ne5 Rb4 50. Nxd3 Re4 51. Nc5+ Ke7 52. Rd7+ Ke8 53. Nxe4 Kxd7 54. Nf6+ Ke6 55. Nxh7 Kf7 56. Ng5+ Kg7 57. Kf3 Kh6 58. Ke3 Kh5 59.
Kd4 Kh6 60. Ke5 Kh5 61. Kf6 Kh6 62. Ke6 Kh5 63. Nf7 Kh4 64. Kf6 Kxh3 65. Kxg6 Kg4 66. Ne5+ Kxf4 67. Nd3+ Ke4 68. Kg5 Kxd3 69. Kxf5 Ke2 70. f4 Ke3 71. Ke5 Kf3 72. f5 Kg4 73. f6 Kg5 74. f7 Kg6 75. f8=Q Kh7 76. Qf3 Kg6 77. Qf4 Kh5 78. Qg3 Kh6 79. Kf6 Kh7 80. Qg7# 1-0

[Event "*** Titled Tuesday Blitz"]
[Site "Chess.com"]
[Date "2021.03.09"]
[Round "10"]
[White "TimKett"]
[Black "A-S-00"]
[Result "0-1"]
[WhiteElo "2194"]
[BlackElo "2372"]
[TimeControl "180+1"]
[EndTime "12:00:39 PST"]
[Termination "A-S-00 won on time"]

1. e4 c5 2. Nf3 Nc6 3. d4 cxd4 4. Nxd4 Nf6 5. Nc3 e6 6. Ndb5 Bb4 7. a3 Bxc3+ 8. Nxc3 d5 9. exd5 exd5 10. Bd3 O-O 11. O-O Bg4 12. Qd2 Re8 13. Qg5 Ne5 14. Bb5 h6 15. Qh4 Ng6 16. Qg3 Re7 17. Bd2 a6 18. Ba4 d4 19. Nb1 Rc8 20. Bb4 Re2 21. Nd2 b5 22. Bb3 a5 23. f3 axb4 24. fxg4 Rxd2 25.
axb4 Qb6 26. Kh1 Rf8 27. Rae1 Qc6 28. g5 Nh5 29. Qg4 Nhf4 30. Rg1 h5 31. Qf3 Qxf3 32. gxf3 Nh3 33. Rg2 Nf2+ 34. Kg1 Nf4 35. Rxf2 Nh3+ 36. Kg2 Nxf2 37. Kg3 h4+ 38. Kxh4 g6 39.
Kg3 Kg7 40. Rf1 d3 41. Rxf2 dxc2 42. Bxc2 Rxf2 43. Kxf2 Rc8 44. Bd3 Rd8 45. Bxb5 Rd2+ 46. Ke3 Rxb2 47. Bc6 Rxb4 48. Be4 Rb2 49. h3 Rh2 50. Kf4 Rxh3 51. Kg4 Rh2 52. Kg3 Rb2 53. Kg4 Rb5 54. Kg3 Rxg5+ 55. Kf4 Rc5 56. Ke3 g5 57.
Kd4 Ra5 58. Ke3 f5 59. Bd3 Kf6 60. Kf2 Ra3 0-1

[Event "*** Titled Tuesday Blitz"]
[Site "Chess.com"]
[Date "2021.03.09"]
[Round "10"]
[White "canary2016"]
[Black "lelya96"]
[Result "1/2-1/2"]
[WhiteElo "2058"]
[BlackElo "2227"]
[TimeControl "180+1"]
[EndTime "12:00:39 PST"]
[Termination "Game drawn by stalemate"]

1. d4 d5 2. c4 c6 3. Nf3 Nf6 4. g3 g6 5. Bg2 Bg7 6. O-O O-O 7. Nbd2 Bg4 8. b3 e6 9. Bb2 Nbd7 10. h3 Bxf3 11. Nxf3 Ne4 12. e3 a5 13. Nd2 Nd6 14. Rc1 Qb8 15. Qc2 Re8 16. e4 dxe4 17. Nxe4 Nxe4 18. Qxe4 Nf6 19. Qe2 Qd6 20. Rfd1 a4 21.
Bc3 axb3 22. axb3 Ra3 23. Qb2 Rea8 24. Ra1 Nd7 25. Rdc1 Bh6 26. Rcb1 Bf8 27. c5 Nxc5 28. dxc5 Qxc5 29. b4 Qa7 30. Rxa3 Qxa3 31. Qxa3 Rxa3 32.
Be1 Ra4 33. b5 cxb5 34. Bxb7 b4 35. Bc6 Ra6 36. Bb5 Rb6 37. Bc4 Bc5 38. Kg2 Kg7 39. Rb3 Kf6 40. Kf3 Ke5 41. Be2 f5 42. Kg2 Kf6 43. f4 e5 44. fxe5+ Kxe5 45. Kf3 Kd5 46.
Bd2 Ke5 47. Bf4+ Kf6 48. Bc4 g5 49. Bc7 Rb7 50. Ba5 Ke5 51. Bd8 Kd4 52. Be2 h6 53. Bf6+ Kd5 54. Kg2 Ke6 55. Bb2 Kd5 56. Bf3+ Kc4 57.
Bxb7 Kxb3 58. Bg7 Kc4 59. Bc8 Bd4 60. Be6+ Kc3 61. Bxd4+ Kxd4 62. Kf3 Ke5 63. Bb3 Kf6 64. Ke3 Kg6 65. Kd4 h5 66. Ke5 f4 67. gxf4 gxf4 68. Kxf4 h4 69. Kg4 Kh6 70. Kxh4 Kh7 71. Kh5 Kh8 72.
Kh6 1/2-1/2

[Event "*** Titled Tuesday Blitz"]
[Site "Chess.com"]
[Date "2021.03.09"]
[Round "10"]
[White "enriquetejedor"]
[Black "ri4mi"]
[Result "1-0"]
[WhiteElo "2553"]
[BlackElo "2436"]
[TimeControl "180+1"]
[EndTime "12:00:40 PST"]
[Termination "enriquetejedor won by resignation"]

1. e3 Nf6 2. g4 d5 3. g5 Ne4 4. h4 e5 5. Bg2 h6 6. d3 Nc5 7. g6 fxg6 8. b3 Be6 9. Bb2 Nc6 10. Nd2 Bd6 11. a3 a5 12. Ndf3 Qe7 13. d4 exd4 14. Nxd4 Nxd4 15. Qxd4 c6 16. Qxg7 Qxg7 17.
Bxg7 Rh7 18. Bb2 O-O-O 19. O-O-O Rf7 20. f3 Re8 21. Ne2 Bf5 22. e4 Be6 23. Nd4 Bf4+ 24.
Kb1 dxe4 25. Nxe6 Rxe6 26. Bh3 Rf5 27. h5 Rxh5 28. Bxe6+ Nxe6 29. Rxh5 gxh5 30. fxe4 h4 31. Rh1 Bg3 32. Kc1 Ng5 33. e5 h3 34. Kd2 h2 35.
Ke2 h5 36. Bd4 h4 37. Bf2 Kd7 38. Kf1 Ne4 39. Bd4 Ke6 40. Kg2 Ng5 41. Rf1 Ne4 42. b4 Kd5 43. Be3 axb4 44. axb4 Kxe5 45. c4 Nf6 46. b5 Ng4 47. Bb6 cxb5 48. cxb5 Kd5 49. Rf7 Ne5 50. Rxb7 Nd3 51. Kh1 Nf4 52. Be3 Ne6 53.
Rd7+ Ke4 54. Ba7 Ng5 55. b6 Kf5 56. b7 Ne6 57. b8=Q Bxb8 58. Bxb8 Nc5 59. Rd5+ Ke4 60.
Rxc5 1-0

[Event "*** Titled Tuesday Blitz"]
[Site "Chess.com"]
[Date "2021.03.09"]
[Round "10"]
[White "LEGENYA1998"]
[Black "PowerThinking2650"]
[Result "1/2-1/2"]
[WhiteElo "2258"]
[BlackElo "2398"]
[TimeControl "180+1"]
[EndTime "12:00:40 PST"]
[Termination "Game drawn by agreement"]

1. e4 e5 2. Nf3 Nc6 3. Bb5 a6 4.
Bxc6 dxc6 5. d3 f6 6. Be3 c5 7. Nbd2 Be6 8. h3 Qd7 9. Qe2 O-O-O 10. Nf1 g5 11. g4 h5 12. gxh5 Bxh3 13. Ng3 Bg4 14.
O-O-O Bd6 15. Rdg1 Nh6 16. Nf1 Be6 17. a3 Qa4 18.
N1d2 Kb8 19. Nb1 c4 20. Nc3 Qc6 21. d4 Bg4 22. d5 Qd7 23. Rg3 b5 24. Qd2 Nf7 25. Na2 Rxh5 26. Rxh5 Bxh5 27. Qa5 Kb7 28. Nb4 Bxb4 29. Qxb4 Nd6 30. Nd2 Be8 31. Qc5 Nc8 32.
b3 Nb6 33. bxc4 bxc4 34. Nxc4 Qb5 35. Qxb5 Bxb5 36. Nxb6 cxb6 37. Rh3 Rd7 38. Rh6 Rf7 39. Kd2 Bc4 40. Kc3 b5 41. Rg6 a5 42. a4 Ka6 43.
axb5+ Kxb5 44. Rh6 Be2 45. Rg6 Bf3 46. Kd3 a4 47.
c4+ Kb4 48. Rg8 Rb7 49. Bd2+ Kb3 50. c5 a3 51. c6 Ra7 52. Bc3 a2 53. Rb8+ Ka4 54.
d6 Bg4 55. c7 Be6 56. c8=Q Bxc8 57. Rxc8 Rd7 58. Rc6 Kb5 59. Rc7 Rxd6+ 60. Kc2 Rc6 61. Rxc6 Kxc6 62. Kb2 Kc5 63. Kxa2 Kc4 64. Ba5 Kd3 65. Bd8 Kxe4 66. Bxf6 Kf3 67. Bxg5 Kxf2 1/2-1/2

[Event "*** Titled Tuesday Blitz"]
[Site "Chess.com"]
[Date "2021.03.09"]
[Round "10"]
[White "suyu28"]
[Black "jraosam"]
[Result "1-0"]
[WhiteElo "2581"]
[BlackElo "1934"]
[TimeControl "180+1"]
[EndTime "12:00:41 PST"]
[Termination "suyu28 won by checkmate"]

1. d4 e5 2. dxe5 Nc6 3. Nf3 Qe7 4. Nc3 Nxe5 5. Nd5 Nxf3+ 6. gxf3 Qd8 7. Bf4 d6 8. e3 Be6 9. Qd2 Nf6 10. Bc4 Nh5 11. Bb3 Nxf4 12. Nxf4 Qf6 13. O-O-O Bxb3 14. axb3 a5 15. Qe2 c6 16. Qc4 d5 17. Qa4 b5 18.
Qd4 Be7 19. Rhg1 O-O 20. Qxf6 Bxf6 21. Nh5 Kh8 22. Nxf6 gxf6 23. e4 dxe4 24. fxe4 a4 25. b4 Rad8 26. c3 Rxd1+ 27. Rxd1 Re8 28. f3 Kg7 29. Rg1+ Kf8 30. Kd2 Rd8+ 31. Ke3 Rd6 32. h4 Re6 33. h5 f5 34. Kf4 fxe4 35. fxe4 Rf6+ 36. Ke5 Rf2 37. Rb1 Rh2 38. Kd6 Rxh5 39. Kxc6 Rh4 40. e5 Rh5 41. Re1 Rh6+ 42. Kxb5 Re6 43.
Kc5 f6 44. Kd5 Rxe5+ 45. Rxe5 fxe5 46. Kxe5 h5 47. b5 h4 48. Kf4 h3 49. Kg3 h2 50.
Kxh2 Ke8 51. Kg3 Kd8 52. Kf4 Kc7 53. Ke5 Kb6 54. c4 Kc5 55. Ke6 Kb6 56. Kd6 Ka5 57. Kc5 a3 58. bxa3 Ka4 59. b6 Kxa3 60. b7 Ka4 61.
b8=Q Ka3 62. Kd4 Ka2 63. Kc3 Ka1 64. Qb2# 1-0